 Dungeon Crawl Stone Soup version 0.26-a0-309-gfa14c3a (webtiles) character file.

Game seed: 7489335417204174550

319 Illumine the Chopper (level 6, -1/51 HPs)
             Began as a Palentonga Fighter on July 15, 2020.
             Was an Initiate of Okawaru.
             Slain by a crocodile (17 damage)
             ... in a sewer.
             The game lasted 00:05:55 (3668 turns).

Illumine the Chopper (Palentonga Fighter)           Turns: 3668, Time: 00:05:55

Health: -1/51      AC:  6    Str: 21    XL:     6   Next: 21%
Magic:  7/7        EV:  5    Int:  8    God:    Okawaru [......]
Gold:   167        SH:  9    Dex: 10    Spells: 5/5 levels left

rFire    . . .     SeeInvis +   a - +0 war axe
rCold    . . .     Faith    .   c - +0 kite shield
rNeg     . . .     Spirit   .   b - +0 scale mail
rPois    .         Reflect  .   (no helmet)
rElec    .         Harm     .   (no cloak)
rCorr    .                      (no gloves)
MR       .....                  (boots restricted)
Stlth    ..........             (no amulet)
HPRegen  0.17/turn              (no ring)
MPRegen  0.10/turn              (no ring)

@: no status effects
A: large, rugged brown scales 3, see invisible, deformed body, roll, armoured
tail
a: Rolling Charge, Renounce Religion


You were in a sewer.
You worshipped Okawaru.
Okawaru was noncommittal.
You visited 1 branch of the dungeon, and saw 4 of its levels.
You also visited: Sewer.

You collected 167 gold pieces.

Inventory:

Hand Weapons
 a - a +0 war axe (weapon)
Armour
 b - a +0 scale mail (worn)
 c - a +0 kite shield (worn)
Scrolls
 f - a scroll of immolation {unknown}
 h - 6 scrolls of identify {unknown}
 i - 3 scrolls of teleportation {unknown}
 j - a scroll of enchant weapon {unknown}
 k - 2 scrolls of random uselessness {unknown}
 l - a scroll of noise {unknown}
 m - a scroll of amnesia {unknown}
 o - a scroll of blinking {unknown}
 r - a scroll of remove curse {unknown}
 s - a scroll of fear {unknown}
Potions
 d - a potion of lignification {unknown}
 e - 3 potions of heal wounds
 g - a potion of curing {unknown}
 n - a potion of magic {unknown}
 p - a potion of stabbing {unknown}
 q - a potion of flight {unknown}


   Skills:
 - Level 4.2 Fighting
 * Level 5.3 Axes
 - Level 2.4 Armour
 + Level 2.7 Shields
 + Level 1.4 Invocations


You had 5 spell levels left.
You didn't know any spells.
Your spell library was empty.

Dungeon Overview and Level Annotations

Branches:
Dungeon (4/15)              Sewer (1/1)
 Temple: D:4-7

Altars:
Kikubaaqudgha
Okawaru
Wu Jian
The Shining One

Annotations:
D:3 2 transporters


Innate Abilities, Weirdness & Mutations

You are completely covered in rugged brown scales. (AC +3, +7% HP)
You have supernaturally acute eyesight. (SInv)
Armour fits poorly on your strangely shaped body.
You can roll at foes to attack.
You have a long armoured tail.


Message History

You closely miss the crocodile.
Your tail-slap misses the crocodile.
The crocodile is lightly wounded.
The crocodile bites you!
You hit the crocodile but do no damage.
The crocodile is lightly wounded.
The crocodile bites you but does no damage.
You completely miss the crocodile. You tail-slap the crocodile.
The crocodile is moderately wounded.
The crocodile bites you!
The crocodile bites you but does no damage.
You slash the crocodile!
Your tail-slap misses the crocodile.
The crocodile is severely wounded.
You block the crocodile's attack.
You closely miss the crocodile.
The crocodile is severely wounded.
The crocodile bites you!
You barely miss the crocodile.
The crocodile is severely wounded.
The crocodile bites you!
You die...

## .#### .##≈#
.##≈# ###≈#
######## .##≈##
###....≈.###
.#.≈.#
###....@t....#
...≈.#
###..≈..####≈≈..≈#
.).≈≈###.≈...###
###.≈≈.≈#
##.).≈≈≈.≈..##
#≈..≈≈.
..†≈.###.≈...#
..≈.## ..(≈.#
###.≈≈≈≈# .≈##.(
.#.≈.# ###..≈≈≈ ##
$ .##≈## ##...
###≈# ###


You could see a crocodile.

Vanquished Creatures
  A scorpion (D:4)
  An orc priest (D:3)
  A worker ant (D:4)
  A worker ant zombie (D:2)
  10 adders
  A river rat (D:4)
  An ooze (D:3)
  3 worms
  2 dart slugs
  6 leopard geckos
  6 orcs (D:3)
  A ball python (D:3)
  9 bats
  A giant cockroach (D:2)
  7 goblins
  6 hobgoblins
  6 jackals
  2 quokkas (D:3)
  2 frilled lizards (D:2)
  10 kobolds
  8 rats
85 creatures vanquished.

Notes
Turn   | Place    | Note
-------+----------+-------------------------------------------
     0 | D:1      | Illumine the Palentonga Fighter began the quest for the
                  | Orb.
     0 | D:1      | Reached XP level 1. HP: 19/19 MP: 1/1
     2 | D:1      | Noticed a draconian
     4 | D:1      | Noticed an ogre
     4 | D:1      | Noticed a centaur
     6 | D:1      | Noticed a formicid
     6 | D:1      | Noticed a tengu
     8 | D:1      | Noticed a merfolk
     8 | D:1      | Noticed a demonspawn
    10 | D:1      | Noticed an octopode
    12 | D:1      | Noticed a spriggan
    12 | D:1      | Noticed a ghoul
    14 | D:1      | Noticed a human
    14 | D:1      | Noticed a vine stalker
    16 | D:1      | Noticed a dwarf
    16 | D:1      | Noticed a demigod
    18 | D:1      | Noticed a vampire
    18 | D:1      | Noticed a halfling
    20 | D:1      | Noticed a naga
    20 | D:1      | Noticed a felid
    22 | D:1      | Noticed a troll
    24 | D:1      | Noticed an elf
    24 | D:1      | Noticed a minotaur
    26 | D:1      | Noticed a gargoyle
   314 | D:1      | Reached XP level 2. HP: 25/25 MP: 2/2
   672 | D:2      | Reached skill level 3 in Axes
   760 | D:2      | Reached XP level 3. HP: 27/31 MP: 3/3
  1259 | D:2      | Reached XP level 4. HP: 33/39 MP: 4/4
  1514 | D:2      | Reached skill level 4 in Axes
  2121 | D:3      | Found an ornate altar of the Wu Jian Council.
  2283 | D:3      | Reached XP level 5. HP: 22/44 MP: 5/5
  2495 | D:3      | Found an iron altar of Okawaru.
  2504 | D:3      | Became a worshipper of Warmaster Okawaru
  2704 | D:3      | Found an ancient bone altar of Kikubaaqudgha.
  2824 | D:3      | Found a glowing golden altar of the Shining One.
  2824 | D:3      | Noticed a steam dragon
  2826 | D:3      | Found a transporter.
  2840 | D:3      | Found a transporter.
  2848 | D:3      | Noticed a hippogriff
  3191 | D:4      | Noticed an ogre
  3254 | D:4      | Reached skill level 5 in Axes
  3269 | D:4      | Reached skill level 1 in Invocations
  3269 | D:4      | Reached XP level 6. HP: 50/51 MP: 6/6
  3455 | D:4      | Found a glowing drain.
  3459 | Sewer    | Entered a sewer
  3668 | Sewer    | Slain by a crocodile

Illustrated notes

Levels and vault maps discovered:
D:1:      kb_arrival_jail, layout_basic
D:2:      layout_basic
D:3:      layout_loops_corners, lemuel_crystal_altar, lemuel_doored_altar,
          gammafunk_temple_overflow_arena, okawaru_trees_1
D:4:      cheibrodos_pilgrimage, layout_loops_corners, gup_sewer_entry_spiral,
          due_unseen_surprise
Sewer:    sewer_the_crocodile

Skill      XL: |  1  2  3  4  5 |
---------------+----------------+-----
Axes           | 3 4 5 |  5.3
Fighting       | 4 |  4.2
Invocations    | 1 |  1.4
Armour         | |  2.4
Shields        | |  2.7

Action                   |  1- 3 |  4- 6 || total
-------------------------+-------+-------++-------
Melee: War axe           |    79 |   162 ||   241
       Tailslap          |    11 |    15 ||    26
 Abil: Rolling Charge    |    29 |    24 ||    53
  Use: Potion            |     2 |     3 ||     5
Armor: Scale mail        |    30 |    67 ||    97
Dodge: Dodged            |    18 |    31 ||    49
Block: Kite shield       |    33 |    59 ||    92

Table legend:
 A = Non-vault XP
 B = Vault XP
 C = Vault XP percentage of total XP
 D = Non-vault monster count
 E = Vault monster count
 F = Vault count percentage of total count
                 A         B        C        D         E       F
            +---------+---------+-------+---------+---------+-------
      Total |     401 |      56 |  12.3 |      73 |      12 |  14.1
            +---------+---------+-------+---------+---------+-------
        D:1 |      22 |       0 |   0.0 |      14 |       0 |   0.0
        D:2 |     119 |       0 |   0.0 |      29 |       0 |   0.0
        D:3 |     130 |       0 |   0.0 |      26 |       0 |   0.0
        D:4 |     130 |      47 |  26.6 |       4 |       7 |  63.6
      Sewer |       0 |       9 | 100.0 |       0 |       5 | 100.0
            +---------+---------+-------+---------+---------+-------
